 Dungeon Crawl Stone Soup version 0.30-a0-1103-g25895a7845 (webtiles) character file.

Game seed: 10276583809969109288

336 IdlyInterested the Trooper (level 6, -3/52 HPs)
             Began as a Demonspawn Fighter on Apr 18, 2023.
             Killed from afar by Dowan (11 damage)
             ... with a stone arrow
             ... on level 5 of the Dungeon.
             The game lasted 00:10:03 (3600 turns).

IdlyInterested the Trooper (Demonspawn Fighter)     Turns: 3600, Time: 00:10:03

Health: -3/52      AC: 12    Str: 16    XL:     6   Next: 28%
Magic:  6/6        EV:  5    Int: 12    God:
Gold:   229        SH:  9    Dex: 14    Spells: 5/5 levels left

rFire   + . .      SeeInvis .    a - +0 flail
rCold   . . .      Faith    .    c - +0 buckler
rNeg    . . .      Spirit   .    i - +0 plate armour
rPois   .          Reflect  .    v - +0 helmet
rElec   .          Rampage  .    m - scarf {+Inv}
rCorr   .                        (no gloves)
Will    .....                    (no boots) Stlth
                                 (no amulet)
HPRegen 0.28/turn                h - ring of flight
MPRegen 0.10/turn                x - ring of protection from fire

@: mighty, flying
A: powered by death 1, big brain 1, condensation shield, weakness stinger 2
a: Evoke Invisibility


You were on level 5 of the Dungeon.
You visited 1 branch of the dungeon, and saw 5 of its levels.

You collected 229 gold pieces.

Inventory:

Hand Weapons
 a - a +0 flail (weapon)
 w - a +1 dagger of venom
 D - a +1 dagger of flaming
Missiles
 g - 39 stones (quivered)
 q - 2 poisoned darts
 r - a boomerang
Armour
 c - a +0 buckler (worn)
 i - a +0 plate armour (worn)
 m - a scarf of invisibility (worn)
 v - a +0 helmet (worn)
Magical Staves
 n - a staff of earth
 A - a staff of cold
Jewellery
 h - a ring of flight (left hand)
 x - a ring of protection from fire (right hand)
Scrolls
 b - 2 scrolls of fog {unknown}
 e - 3 scrolls of identify {unknown}
 k - 3 scrolls of teleportation {unknown}
 l - 2 scrolls of vulnerability {unknown}
 o - a scroll of enchant armour {unknown}
 t - a scroll of poison {unknown}
 y - a scroll of acquirement {unknown}
 B - a scroll of summoning {unknown}
Potions
 d - 2 potions of might
 f - 2 potions of berserk rage {unknown}
 j - a potion of heal wounds {unknown}
 p - a potion of invisibility {unknown}
 s - a potion of magic {unknown}
 u - a potion of curing {unknown}
 z - a potion of mutation {unknown}
 C - a potion of attraction {unknown}


   Skills:
 - Level 6.1 Fighting
 * Level 1.7 Maces & Flails
 - Level 3.0 Armour
 + Level 2.4 Dodging
 - Level 3.0 Shields


You had 5 spell levels left.
You didn't know any spells.
Your spell library contained the following spells:

 Spells                   Type           Power      Damage    Failure   Level
 Freeze                   Ice            0%         1d3       100%        1
 Slow                     Hex            0%         N/A       100%        1
 Summon Small Mammal      Summ           0%         N/A       100%        1
 Call Canine Familiar     Summ           0%         N/A       100%        3
 Frozen Ramparts          Ice            0%         1d1       100%        3
 Hailstorm                Conj/Ice       0%         3d3       100%        3
 Summon Guardian Golem    Hex/Summ       0%         N/A       100%        3
 Tukima's Dance           Hex            0%         N/A       100%        3
 Passage of Golubria      Tloc           0%         N/A       100%        4
 Summon Forest            Summ/Tloc      0%         N/A       100%        5
 Eringya's Noxious Bog    Tmut/Pois      0%         N/A       100%        6
 Enfeeble                 Hex            0%         N/A       100%        7
 Summon Hydra             Summ           0%         N/A       100%        7


Dungeon Overview and Level Annotations

Branches:
Dungeon (5/15)
 Temple: D:4-7

Altars:
Qazlal
Wu Jian
Xom
Yredelemnul

Shops:
D:5 *(

Annotations:
D:5 Dowan


Innate Abilities, Weirdness & Mutations

You regenerate a little health from kills.
You have an unusually large brain. (Int +2)
A meltable shield of frost defends you. (SH +4)
You have a tail ending in a sharp stinger.


Message History

Duvessa is heavily wounded.
Duvessa barely misses you. Duvessa hits you with a +0 short sword.
You barely miss Duvessa.
Duvessa is heavily wounded.
Duvessa hits you with a +0 short sword.
You hit Duvessa.
You tail-slap Duvessa, but do no damage.
Duvessa is severely wounded.
You block Duvessa's attack.
You sock Duvessa! You tail-slap Duvessa.
You kill Duvessa!
Dowan screams, "No!
No!"
Dowan seems to find hidden reserves of power!
Dowan barely misses you.
Your Fighting skill increases to level 6!
You have reached level 6!
Your demonic ancestry asserts itself...
A wave of death washes over you.
Setting a skill training target for Maces & Flails at 14.0.
You miss Dowan. You block Dowan's attack.
Dowan says, "How can I live without her?"
Dowan points at you and mumbles some strange words.
The shard of ice hits you!
* * * LOW HITPOINT WARNING * * *
You feel very mighty all of a sudden. You block Dowan's attack.
Dowan gestures wildly while chanting.
Dowan blinks!
Throw: 4 darts (poison)
Press: ? - help, Shift-Dir - straight line, f - Dowan
Aim: Dowan, wielding a +0 dagger and wearing a +0 robe (fast, 51% to hit)
You throw a poisoned dart. The poisoned dart hits Dowan.
Dowan is poisoned.
Throw: 3 darts (poison)
Press: ? - help, Shift-Dir - straight line, f/p - Dowan
Aim: Dowan, wielding a +0 dagger and wearing a +0 robe (fast, poisoned, 51% to hit)
You throw a poisoned dart. The poisoned dart hits Dowan.
Dowan looks even sicker.
Dowan points at you and mumbles some strange words.
The stone arrow hits you!
You die...

.. .. .# #.
# .# ##.###
.# ......
.# ##....
#######.#.#
#.....
#...@§e..$#
#.....
#.#####(###
#..... #.#
.# ......
#.# e.
...... #.#
.#. .....
#.# .#.∩
.... #.# ##
.. ..:
###.# #.#
## #<∩.#


You could see Dowan (fast, very poisoned).

Vanquished Creatures
  Duvessa (D:5)
  An iguana (D:4)
  Terence (D:2)
  Robin (D:3)
  4 adders
  A worm (D:3)
  4 dart slugs
  13 orcs
  10 ball pythons
  8 endoplasms
  6 giant cockroaches
  21 goblins
  7 hobgoblins
  2 jackals (D:1)
  4 quokkas
  4 bats
  3 frilled lizards
  7 kobolds
  8 rats
106 creatures vanquished.

Notes
Turn   | Place    | Note
-------+----------+-------------------------------------------
     0 | D:1      | IdlyInterested the Demonspawn Fighter began the quest for
                  | the Orb.
     0 | D:1      | Reached XP level 1. HP: 18/18 MP: 1/1
    70 | D:1      | Gained mutation: You have a small tail. [demonic ancestry]
    70 | D:1      | Reached XP level 2. HP: 12/24 MP: 2/2
   284 | D:1      | Found a faded altar of an unknown god.
   461 | D:1      | Gained mutation: You have an unusually large brain. (Int
                  | +2) [demonic ancestry]
   461 | D:1      | Reached XP level 3. HP: 30/30 MP: 3/3
   772 | D:1      | Reached skill level 4 in Fighting
  1485 | D:2      | Noticed Terence
  1495 | D:2      | Killed Terence
  1496 | D:2      | Gained mutation: You have a tail ending in a sharp stinger.
                  | [demonic ancestry]
  1496 | D:2      | Reached XP level 4. HP: 37/38 MP: 4/4
  1909 | D:3      | Reached skill level 1 in Dodging
  2235 | D:3      | Noticed Robin
  2259 | D:3      | Reached skill level 5 in Fighting
  2280 | D:3      | Gained mutation: A meltable shield of frost defends you.
                  | (SH +4) [demonic ancestry]
  2280 | D:3      | Reached XP level 5. HP: 35/44 MP: 5/5
  2282 | D:3      | Killed Robin
  2445 | D:3      | Found a shimmering altar of Xom.
  2646 | D:3      | Found a stormy altar of Qazlal.
  2811 | D:4      | Found an ornate altar of the Wu Jian Council.
  2890 | D:4      | Got the Folio of Unfortunate Peregrination
  3129 | D:4      | Found a basalt altar of Yredelemnul.
  3481 | D:5      | Entered Level 5 of the Dungeon
  3560 | D:5      | Found Piusm's General Store.
  3576 | D:5      | Found Jusmu's Antique Weapon Emporium.
  3576 | D:5      | Noticed Duvessa
  3576 | D:5      | Noticed Dowan
  3596 | D:5      | Killed Duvessa
  3597 | D:5      | Reached skill level 6 in Fighting
  3597 | D:5      | Gained mutation: You regenerate a little health from kills.
                  | [demonic ancestry]
  3597 | D:5      | Reached XP level 6. HP: 21/52 MP: 6/6
  3600 | D:5      | Killed from afar by Dowan

Illustrated notes

Levels and vault maps discovered:
D:1:      lightli_arrival_flooded_house, layout_loops_ring,
          chequers_ecumenical_altar_simple_redux
D:2:      layout_basic, uniq_terence
D:3:      layout_rooms, mainiacjoe_overflow_big_doors, minmay_quadrilaterals,
          uniq_robin
D:4:      layout_loops_ring, mainiacjoe_overflow_alcove_4,
          nzn_wu_jian_council_hall
D:5:      layout_basic, kennysheep_mini_moat, serial_shops, shop,
          nicolae_shop_stone, nicolae_shop_fire_sale [nicolae_sub_dead_trees],
          uniq_duvessa, uniq_prince_ribbit1

Skill      XL: |  1  2  3  4  5 |
---------------+----------------+-----
Armour         | 3 |  3.0
Fighting       | 4 5 6 |  6.1
Shields        | 3 |  3.0
Dodging        | 1 2 |  2.4
Maces & Flails | |  1.7

Action                     |  1- 3 |  4- 6 || total
---------------------------+-------+-------++-------
  Melee: Flail             |   112 |   204 ||   316
         Tailslap          |     4 |    17 ||    21
  Throw: Dart              |     2 |     3 ||     5
         Stone             |     1 |     4 ||     5
    Use: Potion            |       |     1 ||     1
 Armour: Scale mail        |    27 |       ||    27
         Plate armour      |    39 |   128 ||   167
  Dodge: Dodged            |    37 |    47 ||    84
  Block: Buckler           |    33 |    66 ||    99

Table legend: (Time is in decaauts)
 A = Elapsed time spent in this place.
 B = Non-inter-level travel time spent in this place.
 C = Inter-level travel time spent in this place.
 D = Time resting spent in this place.
 E = Time spent auto-exploring this place.
 F = Levels seen in this place.
 G = Mean time per level.
                   A        B        C        D        E       F      G
               +--------+--------+--------+--------+--------+-----+--------+
         Total |   3713 |   3383 |    330 |    205 |   2159 |   5 |  742.6 |
       Dungeon |   3713 |   3383 |    330 |    205 |   2159 |   5 |  742.6 |
               +--------+--------+--------+--------+--------+-----+--------+

Top non-repeatable levels by time:
     D:2: 1043 daAuts
     D:1: 918 daAuts
     D:3: 861 daAuts
     D:4: 841 daAuts
     D:5: 49 daAuts
